 Dungeon Crawl Stone Soup version 0.16.2-3-ga078185 (webtiles) character file.

89 gorblad the Grave Robber (level 4, -8/31 HPs)
             Began as a Mummy Necromancer on Sept 8, 2015.
             Mangled by a gnoll
             ... wielding a +0 halberd
              (14 damage)
             ... on level 2 of the Dungeon.
             The game lasted 00:05:59 (1580 turns).

gorblad the Grave Robber (Mummy Necromancer)        Turns: 1580, Time: 00:05:59

Health: -8/31      AC:  6    Str: 11    XL:     4   Next: 31%
Magic:  0/8        EV: 10    Int: 15    God:
Gold:   89         SH:  0    Dex: 12    Spells: 3 memorised, 3 levels left

rFire  x . .     SeeInvis .     e - +0 hand axe
rCold  + . .     Clarity  .     h - +0 ring mail
rNeg   + + +     SustAb   .     (no shield)
rPois  ∞         Gourm    .     (no helmet)
rElec  .         Spirit   .     g - +0 cloak
rCorr  .         Warding  .     (no gloves)
rMut   .         Stasis   .     (no boots)
MR     .....                    (no amulet)
Stlth  +.........               (no ring)
                                (no ring)

@: not resistant to hostile enchantments, very unstealthy
A: no food or potions, fire vulnerability, restore body, cold resistance 1,
negative energy resistance 3, poison resistance, torment resistance, unbreathing
a: no special abilities


You were on level 2 of the Dungeon.
You were not hungry.

You visited 1 branch of the dungeon, and saw 2 of its levels.

You collected 89 gold pieces.

Inventory:

Hand weapons
 e - a +0 hand axe (weapon)
Armour
 a - a +0 robe
 d - a +0 robe
 g - a +0 cloak (worn)
 h - a +0 ring mail (worn)
Scrolls
 c - a scroll of enchant weapon {unknown}
 f - 3 scrolls of remove curse {unknown}
 i - a scroll of noise {unknown}
 j - a scroll of fog {unknown}
Books
 b - a book of Necromancy

   Spells                             Type                      Level
   a - Pain                           Necromancy                   1
   b - Animate Skeleton               Necromancy                   1
   c - Vampiric Draining              Necromancy                   3
   d - Regeneration                   Charms/Necromancy            3
   e - Animate Dead                   Necromancy                   4
   f - Control Undead                 Necromancy                   4


   Skills:
 + Level 0.4 Fighting
 + Level 0.2 Axes
 + Level 0.4 Armour
 + Level 2.0 Dodging
 + Level 1.7 Stealth
 + Level 2.6 Spellcasting
 + Level 4.9 Necromancy


You had 3 spell levels left.
You knew the following spells:

 Your Spells              Type           Power        Failure   Level  Hunger
a - Pain                  Necr           ###.         10%         1    N/A
b - Vampiric Draining     Necr           ###.......   21%         3    N/A
c - Animate Skeleton      Necr           N/A          10%         1    N/A

Dungeon Overview and Level Annotations

Branches:
Dungeon (2/15)

Altars:


Innate Abilities, Weirdness & Mutations

You do not eat or drink.
Your flesh is vulnerable to fire.
Your flesh is cold resistant.
You are immune to negative energy.
Your system is resistant to poisons.
You are immune to unholy pain and torment.
You can survive without breathing.


Message History

Casting: Pain
Confirm with . or Enter, or press ? or * to list all spells.
Aiming: Vampiric Draining
Press: ? - help, Shift-Dir - straight line, f - gnoll
Aim: a gnoll, wielding a whip (heavily wounded)
You kill the gnoll!
You feel life coursing into your body.
Found 15 bolts.
Casting: Vampiric Draining
Confirm with . or Enter, or press ? or * to list all spells.
Aiming: Pain
Press: ? - help, Shift-Dir - straight line, f - gnoll
Aim: a gnoll, wielding a halberd (chance 81%)
The gnoll convulses in agony!
The gnoll barely misses you. The gnoll hits you with a halberd.
* * * LOW HITPOINT WARNING * * *
You hit the gnoll.
The gnoll is severely wounded.
The gnoll hits you with a halberd!
You die...

######## ##......#
#........
#############....).#
#..........####.....
#..@g.w...)..>...###
#.......†..####.##
#..........# #.# .
#..........####.##..
#(............#.#..#
#############...#.##
##......
######......
#..#........


You could see a worm and a gnoll.

Vanquished Creatures
  Ijyb (D:2)
  An adder (D:2)
  2 gnolls (D:2)
  A ball python (D:1)
  5 hobgoblins
  3 kobolds
  2 quokkas (D:2)
  6 bats
  2 giant geckos
  3 giant newts (D:1)
  12 goblins
  8 rats
46 creatures vanquished.

Notes
Turn   | Place    | Note
--------------------------------------------------------------
     0 | D:1      | gorblad, the Mummy Necromancer, began the quest for the Orb.
     0 | D:1      | Reached XP level 1. HP: 13/13 MP: 3/3
   324 | D:1      | Reached XP level 2. HP: 10/19 MP: 2/4
  1029 | D:2      | Reached XP level 3. HP: 17/24 MP: 1/6
  1145 | D:2      | Noticed Ijyb
  1180 | D:2      | Killed Ijyb
  1322 | D:2      | Learned a level 3 spell: Vampiric Draining
  1324 | D:2      | Learned a level 1 spell: Animate Skeleton
  1510 | D:2      | Reached XP level 4. HP: 30/30 MP: 5/8
  1580 | D:2      | Mangled by a gnoll

Action                   |  1- 3 |  4- 6 || total
-------------------------+-------+-------++-------
Melee: Hand axe          |    67 |    11 ||    78
       Unarmed           |     2 |       ||     2
 Cast: Pain              |    41 |    10 ||    51
       Vampiric Draining |     4 |     1 ||     5
 Stab: Sleeping          |     1 |       ||     1
